AoeStats
← Metal

Enclosed

505568238Analyzed
1v1 RM · 21d ago on Sep 10, 2026· 35m 23s· 2 players
Game mode
Random Map
Map size
Tiny (2 player)
Population
200
Speed
Normal
Resources
Standard
Victory
Conquest
Starting age
Dark Age
Ending age
Imperial Age
RankedLock teamsTeams togetherTeam positionsShared explorationLock speedFull tech treeHidden civsTurbo modeCheats
Victory
Defeat
🇲🇽 Cumans · Mexico
929
+16
🇦🇷 Sicilians · Argentina
929
-16
Metal
1:39 Loom
11:17 Feudal Age
19:54 Castle Age
18:33 Town Watch
18:35 Double-Bit Axe
18:36 Horse Collar
22:08 Heavy Plow
22:00 Gold Mining
22:01 Stone Mining
23:16 Bow Saw
24:36 Fletching
28:55 Bodkin Arrow
30:34 Wheelbarrow
33:03 Murder Holes
33:54 Scale Mail Armor
Tos de perro
7:51 Loom
11:01 Feudal Age
11:27 Double-Bit Axe
12:37 Town Watch
18:43 Castle Age
17:19 Horse Collar
24:27 Fervor
25:21 Scale Barding Armor
26:38 Town Patrol
27:16 Wheelbarrow
27:31 Forging
27:58 Bloodlines
28:15 Chain Barding Armor
Connection lost

Rejoining the realm…

Still unreachable

The connection could not be restored.

Session expired

The server has moved on; the page needs a fresh start.